 Dungeon Crawl Stone Soup version 0.30.0-5-g1a98f26d00 (webtiles) character file.

Game seed: 10856721492456418544

69 Irreverend the Chiller (level 4, -1/24 HPs)
             Began as a Deep Elf Ice Elementalist on May 8, 2023.
             Slain by Grinder (3 damage)
             ... on level 3 of the Dungeon.
             The game lasted 00:05:33 (2080 turns).

Irreverend the Chiller (Deep Elf Ice Elementalist)  Turns: 2080, Time: 00:05:34

Health: -1/24      AC:  9    Str:  5    XL:     4   Next: 2%
Magic:  0/12       EV: 12    Int: 22    God:
Gold:   105        SH:  0    Dex: 15    Spells: 4/11 levels left

rFire   . . .        (no weapon)
rCold   . . .        (no shield)
rNeg    . . .        a - +0 robe
rPois   .            f - +0 hat
rElec   .            (no cloak)
rCorr   .            (no gloves)
SInv    .            (no boots)
Will    .....        (no amulet)
Stlth   ++           (no ring)
HPRegen 0.24/turn    (no ring)
MPRegen 0.13/turn

%: no passive effects
@: ice-armoured, freezing walls
A: no striking features
a: no special abilities


You were on level 3 of the Dungeon.
You visited 1 branch of the dungeon, and saw 3 of its levels.

You collected 105 gold pieces.

Inventory:

Missiles
 l - a throwing net
Armour
 a - a +0 robe (worn)
 f - a +0 hat (worn)
Jewellery
 p - a +4 ring of slaying
Scrolls
 c - 3 scrolls of blinking {unknown}
 e - 2 scrolls of teleportation {unknown}
 n - a scroll of magic mapping {unknown}
 o - a scroll of identify {unknown}
Potions
 b - a potion of magic
 d - a potion of mutation {unknown}
 g - a potion of berserk rage {unknown}
 h - a potion of lignification {unknown}
 i - 2 potions of flight {unknown}
 j - a potion of resistance {unknown}
 k - 3 potions of heal wounds {unknown}
 m - a potion of might {unknown}


   Skills:
 - Level 2.6 Dodging
 - Level 2.7 Stealth
 + Level 4.4 Spellcasting
 + Level 5.2 Ice Magic


You had 4 spell levels left.
You knew the following spells:

 Your Spells              Type           Power      Damage    Failure   Level
a - Freeze                Ice            100%       1d10      1%          1
b - Frozen Ramparts       Ice            56%        1d9       3%          3
c - Ozocubu's Armour      Ice            28%        N/A       3%          3

Your spell library contained the following spells:

 Spells                   Type           Power      Damage    Failure   Level
 Summon Ice Beast         Ice/Summ       16%        N/A       36%         4


Dungeon Overview and Level Annotations

Branches:
Dungeon (3/15)

Altars:
Fedhas

Shops:
D:1 ?

Annotations:
D:3 Grinder


Message History

Press: ? - help, Dir - look around, f - activate The walls around you are covered in ice.
Grinder shouts!
The wall freezes Grinder but does no damage.
Grinder gestures at you. Pain shoots through your body!
Ouch! That really hurt!
Casting: Frozen Ramparts (quite dangerous; 3% risk of failure)
Confirm with . or Enter, or press ? or * to list all spells.
A film of ice covers your body!
Grinder resists.
The wall freezes Grinder.
Grinder drinks a potion.
Grinder seems to speed up.
Casting: Ozocubu's Armour (quite dangerous; 3% risk of failure)
Confirm with . or Enter, or press ? or * to list all spells.
Your icy armour thickens.
Grinder resists.
The wall freezes Grinder.
Grinder completely resists.
The wall freezes Grinder but does no damage.
Grinder says, "Make like a tree!"
The wall freezes Grinder but does no damage.
Grinder blinks!
The wall freezes Grinder but does no damage.
Grinder completely resists.
The wall freezes Grinder but does no damage.
Casting: Ozocubu's Armour (quite dangerous; 3% risk of failure)
Confirm with . or Enter, or press ? or * to list all spells.
Aiming: Freeze (safe; 1% risk of failure)
Press: ? - help, Shift-Dir - straight line, f - Grinder
Aim: Grinder (lightly wounded, fast)
You freeze Grinder.
Grinder resists.
Grinder is lightly wounded.
The wall freezes Grinder but does no damage.
Grinder barely misses you.
Grinder completely resists.
The wall freezes Grinder but does no damage.
Grinder hits you!
* * * LOW HITPOINT WARNING * * *
Casting: Freeze (safe; 1% risk of failure)
Confirm with . or Enter, or press ? or * to list all spells.
Your icy armour thickens.
Grinder completely resists.
The wall freezes Grinder but does no damage.
Grinder hits you.
You die...

.# ## .# .. .# #. .# #
#. .# #. #. .#
###..##.#.# .#
.......#@.# .#
#..##5####.#
#..........#
....###.###..# # ##
#.# #..# # # #.###..#
# .####### #......#
####.##....## ####...#
#...##......######...#


You could see Grinder (fast).

Vanquished Creatures
  A gnoll (D:1)
  A dart slug (D:1)
  6 bats
  3 endoplasms (D:1)
  11 giant cockroaches
  3 goblins
  2 hobgoblins (D:1)
  7 jackals
  2 kobolds (D:1)
  3 quokkas
  2 ball pythons
  2 frilled lizards
  5 rats
48 creatures vanquished.

Notes
Turn   | Place    | Note
-------+----------+-------------------------------------------
     0 | D:1      | Irreverend the Deep Elf Ice Elementalist began the quest
                  | for the Orb.
     0 | D:1      | Reached XP level 1. HP: 10/10 MP: 6/6
   205 | D:1      | Reached XP level 2. HP: 15/15 MP: 6/8
   606 | D:1      | Reached XP level 3. HP: 19/19 MP: 8/10
   643 | D:1      | Learned a level 3 spell: Frozen Ramparts
   647 | D:1      | Learned a level 3 spell: Ozocubu's Armour
   683 | D:1      | Found Diegenar's Magic Scroll Boutique.
  1057 | D:2      | Reached skill level 5 in Ice Magic
  1506 | D:3      | Found a blossoming altar of Fedhas.
  1955 | D:3      | Reached XP level 4. HP: 24/24 MP: 6/12
  2071 | D:3      | Noticed Grinder
  2080 | D:3      | Slain by Grinder

Illustrated notes

Levels and vault maps discovered:
D:1:      roderic_octagonal_star, layout_rooms, serial_shops, shop
D:2:      layout_basic
D:3:      minmay_roachtagon, layout_loops_ring, mainiacjoe_overflow_paths,
          chequers_temple_overflow_statue_of_worship, uniq_grinder

Skill      XL: |  1  2  3 |
---------------+----------+-----
Spellcasting   | 4 |  4.4
Ice Magic      | 5 |  5.2
Dodging        | |  2.6
Stealth        | |  2.7

Action                     |  1- 3 |  4- 6 || total
---------------------------+-------+-------++-------
  Melee: Unarmed           |     1 |       ||     1
   Cast: Freeze            |    41 |     2 ||    43
         Frozen Ramparts   |    11 |     1 ||    12
         Ozocubu's Armour  |     6 |     3 ||     9
 Armour: Robe              |    14 |       ||    14
  Dodge: Dodged            |    37 |     1 ||    38
